 Dungeon Crawl Stone Soup version 0.26.1-11-gd32895ea62 (webtiles) character file.

Game seed: 11109331661644256642

39003 Shirokaze the Severer (level 13, -1/126 (132) HPs)
             Began as a Palentonga Fighter on Apr 16, 2021.
             Was a Priest of Ashenzari.
             Killed by divine providence
             ... invoked by an orc priest
              (8 damage)
             ... while paralysed by an orc sorcerer
             ... on level 1 of the Orcish Mines on Apr 17, 2021.
             The game lasted 01:08:23 (13608 turns).

Shirokaze the Severer (Palentonga Fighter)         Turns: 13608, Time: 01:08:24

HP:   -1/126 (132)  AC: 30    Str: 24    XL:     13   Next: 66%
MP:   13/13         EV:  1    Int:  9    God:    Ashenzari [***...]
Gold: 943           SH:  0    Dex: 10    Spells: 8/12 levels left

rFire    + . .     SeeInvis +   x - +3 war axe (distort) (curse)
rCold    . . .     Faith    .   d - +2 tower shield {AC+3} (curse)
rNeg     . . .     Spirit   .   v - +0 plate armour (curse)
rPois    .         Reflect  .   c - +0 helmet
rElec    .         Harm     .   z - +2 cloak (curse)
rCorr    .         Rampage  .   (no gloves)
Will     +....                  (no barding)
Stlth    ..........             F - amulet of regeneration
HPRegen  0.71/turn              b - +4 ring of protection
MPRegen  0.13/turn              l - ring of protection from fire

@: paralysed, lightly drained, curled up
A: large, claws 1, rugged brown scales 3, see invisible, deformed body,
strong-willed 1, robust 1, roll 1, armoured tail, reflexive curl
a: Rolling Charge, Renounce Religion, Curse Item, Scrying


You were on level 1 of the Orcish Mines.
You worshipped Ashenzari.
Ashenzari was most pleased with you.
You visited 3 branches of the dungeon, and saw 14 of its levels.
You also visited: Sewer, Ossuary and Bailey.

You collected 1436 gold pieces.
You spent 493 gold pieces at shops.

Inventory:

Hand Weapons
 x - a cursed +3 war axe of distortion (weapon)
Armour
 c - a +0 helmet (worn)
 d - a cursed +2 tower shield of protection (worn)
 v - a cursed +0 plate armour (worn)
 z - a cursed +2 cloak (worn)
Jewellery
 b - a +4 ring of protection (left claw)
 g - an uncursed ring of positive energy
 l - a ring of protection from fire (right claw)
 F - an amulet of regeneration (around neck)
Wands
 h - a wand of digging (9)
 p - a wand of random effects (32)
 w - a wand of acid (2)
 y - a wand of paralysis (18)
 A - a wand of iceblast (13)
 D - a wand of disintegration (8)
Scrolls
 n - 2 scrolls of remove curse
 o - 2 scrolls of magic mapping
 q - a scroll of fear
 r - a scroll of noise {unknown}
 t - 4 scrolls of fog
 u - 3 scrolls of teleportation
 C - a scroll of blinking {unknown}
 E - 2 scrolls of identify
Potions
 a - a potion of resistance
 e - 3 potions of flight
 f - a potion of invisibility
 i - 3 potions of haste
 j - 4 potions of cancellation
 k - 13 potions of curing
 m - 7 potions of heal wounds
 s - a potion of magic


   Skills:
 * Level 10.1 Fighting
 * Level 15.8(18.2) Axes
 * Level 8.6 Armour
 + Level 1.6 Dodging
 * Level 9.3(11.1) Shields
 + Level 0.6 Evocations


You had 8 spell levels left.
You knew the following spells:

 Your Spells              Type           Power        Failure   Level
a - Cause Fear            Hex            0%           100%        4

Your spell library contained the following spells:

 Spells                   Type           Power        Failure   Level
 Beastly Appendage        Tmut           0%           100%        1
 Foxfire                  Conj/Fire      0%           100%        1
 Magic Dart               Conj           0%           100%        1
 Searing Ray              Conj           0%           100%        2
 Dazzling Flash           Conj/Hex       0%           100%        3
 Mephitic Cloud           Conj/Pois/Air  0%           100%        3
 Fulminant Prism          Conj/Hex       0%           100%        4
 Iskenderun's Mystic Bla  Conj/Tloc      0%           100%        4
 Petrify                  Tmut/Erth      0%           100%        4
 Sticky Flame             Conj/Fire      0%           100%        4
 Dragon Form              Tmut           0%           100%        7
 Dragon's Call            Summ           0%           100%        9


Dungeon Overview and Level Annotations

Branches:
Dungeon (12/15)            Temple (1/1) D:7            Lair (0/6) D:9
    Orc (1/2) D:9           Sewer (visited)         Ossuary (visited)
 Bailey (visited)

Altars:
Ashenzari
Cheibriados
Dithmenos
Elyvilon
Fedhas
Gozag
Hepliaklqana
Kikubaaqudgha
Makhleb
Nemelex Xobeh
Okawaru
Qazlal
Ru
Sif Muna
Trog
Uskayaw
Vehumet
Wu Jian
Xom
Yredelemnul
Zin
The Shining One

Shops:
D:6 !   Orc:1 [

Annotations:
Abyss:1 Gastronok, Snorg


Innate Abilities, Weirdness & Mutations

You are completely covered in rugged brown scales. (AC +3, +7% HP)
You have supernaturally acute eyesight. (SInv)
Armour fits poorly on your strangely shaped body.
You can roll at nearby foes to attack.
You have a long armoured tail.
You curl defensively after being hit.
You have sharp fingernails.
You are strong-willed. (Will+)
You are robust. (+10% HP)


Message History

The bolt of negative energy misses the soul eater.
The bolt of negative energy hits you.
You feel drained.
The soul eater hits you but does no damage.
The orc priest calls down the wrath of Beogh upon you.
Beogh smites you!
* * * LOW HITPOINT WARNING * * *
The orc sorcerer points at you and mumbles some strange words.
The bolt of negative energy hits the soul eater.
The soul eater completely resists.
The bolt of negative energy hits you!!
You feel drained.
* * * LOW HITPOINT WARNING * * *
The orc knight shoots a bolt.
The bolt hits you but does no damage. The soul eater completely misses you.
The orc sorcerer casts a spell.
The orc knight shoots a bolt.
The bolt hits you but does no damage.
The soul eater hits you but does no damage.
The soul eater hits you but does no damage.
The orc priest invokes the aid of Beogh against you.
Beogh smites you!
You die...

....##........)).............#
#..##......)...)).......>...##
#################.###########
# ##)## #...# *
##########.))#**### ** **
,.........#...# ....,, ,
........)#.).#.....
.......)o3@..'..... ,
.......4(#[()#..... *
.......o.#...#.....
.........##o##,. ..
.......####o# , .....## .o4 ,
, ..###* , .... ' ,.... * * ,,
, ..... ,, *


You could see an orc knight, a soul eater (summoned), an orc high priest, an
orange demon (summoned), an orc sorcerer, a red devil (summoned), an orc priest
and an orc wizard.

Vanquished Creatures
  2 orc warlords
  Azrael (D:12)
  Erica (D:8)
  The ghost of diana the Skirmisher, a novice DsGl of Vehumet (D:10)
  3 two-headed ogres
  2 unseen horrors
  Pikel (D:8)
  3 orc knights (Orc:1)
  4 ugly things
  4 orc sorcerers (Orc:1)
  A cyclops (D:11)
  A manticore (D:11)
  Psyche (D:9)
  A gargoyle (D:11)
  3 trolls
  Prince Ribbit (D:8)
  3 slime creatures (D:12)
  A meliai zombie (D:10)
  A shadow (D:11)
  3 wyverns
  2 fire elementals (D:12)
  2 yaks (D:9)
  10 wraiths
  A steam dragon (D:8)
  4 wargs (Orc:1)
  A soldier ant (D:10)
  3 hell hounds
  Duvessa (D:6)
  A water moccasin (D:10)
  Purgy (Sewer)
  34 orc warriors
  5 ice beasts
  3 sky beasts
  2 necrophages
  8 ogres
  9 centaurs
  2 lemures (D:8)
  An elf zombie (Ossuary)
  3 big kobolds
  Blork the orc (D:4)
  7 bullfrogs
  Dowan (D:6)
  3 scorpions
  8 killer bees
  17 wights
  3 howler monkeys
  A bullfrog zombie (D:8)
  3 centaur zombies
  A human zombie (Ossuary)
  3 jellies
  25 orc priests
  A gnoll shaman (D:4)
  7 hounds
  A quasit (D:10)
  2 centaur skeletons
  2 bullfrog skeletons
  5 iguanas
  27 orc wizards
  18 worker ants
  2 big kobold zombies (Ossuary)
  3 mummies
  A howler monkey zombie (D:9)
  A worker ant zombie (D:11)
  9 gnolls
  13 adders
  3 white imps
  2 ufetubi
  An ooze (D:3)
  An adder zombie (Ossuary)
  An adder skeleton (D:7)
  2 worms
  4 dart slugs
  8 leopard geckos
  115 orcs
  3 ball pythons
  11 giant cockroaches
  9 goblins
  14 hobgoblins
  5 jackals
  6 quokkas
  5 bats
  8 frilled lizards
  2 goblin zombies (Ossuary)
  11 hobgoblin zombies (Ossuary)
  A jackal zombie (Ossuary)
  30 kobolds
  9 kobold zombies (Ossuary)
  3 leopard gecko zombies
  7 orc zombies (Ossuary)
  6 rats
  A rat zombie (Ossuary)
564 creatures vanquished.

Vanquished Creatures (others)
  A jelly (D:12)
  An orc priest (Orc:1)
  A hound zombie (D:5)
  A fungus (D:9)
  A plant (D:9)
5 creatures vanquished.

Grand Total: 569 creatures vanquished

Notes
Turn   | Place    | Note
-------+----------+-------------------------------------------
     0 | D:1      | Shirokaze the Palentonga Fighter began the quest for the
                  | Orb.
     0 | D:1      | Reached XP level 1. HP: 20/20 MP: 1/1
   177 | D:1      | Reached XP level 2. HP: 27/27 MP: 2/2
   437 | D:1      | Reached XP level 3. HP: 33/33 MP: 3/3
  1189 | D:2      | Reached XP level 4. HP: 29/41 MP: 4/4
  2253 | D:3      | Reached skill level 3 in Axes
  2410 | D:3      | Reached XP level 5. HP: 42/49 MP: 5/5
  3208 | D:4      | Reached skill level 4 in Axes
  3211 | D:4      | Reached XP level 6. HP: 29/55 MP: 6/6
  3297 | D:4      | Noticed Blork the orc
  3308 | D:4      | Killed Blork the orc
  3948 | D:5      | Entered Level 5 of the Dungeon
  3967 | D:5      | Reached skill level 5 in Axes
  3967 | D:5      | Gained mutation: You curl defensively after being hit.
                  | [Palentonga growth]
  3967 | D:5      | Reached XP level 7. HP: 56/64 MP: 7/7
  4080 | D:5      | Found an ancient bone altar of Kikubaaqudgha.
  4080 | D:5      | Found a hazy altar of Hepliaklqana.
  4080 | D:5      | Found a burning altar of Makhleb.
  4394 | D:5      | Reached skill level 6 in Axes
  4755 | D:5      | Reached skill level 5 in Fighting
  4981 | D:5      | Reached XP level 8. HP: 72/72 MP: 8/8
  5019 | D:5      | Found a snail-covered altar of Cheibriados.
  5020 | D:5      | Found a shimmering blue altar of Sif Muna.
  5061 | D:6      | Noticed Duvessa
  5061 | D:6      | Noticed Dowan
  5093 | D:6      | Killed Duvessa
  5096 | D:6      | Reached skill level 7 in Axes
  5100 | D:6      | Killed Dowan
  5402 | D:6      | Reached skill level 1 in Dodging
  5448 | D:6      | Reached skill level 8 in Axes
  5508 | D:6      | Found a glowing drain.
  5550 | Sewer    | Entered a sewer
  5592 | Sewer    | Noticed Purgy
  5603 | Sewer    | Killed Purgy
  5639 | Sewer    | Reached XP level 9. HP: 79/79 MP: 9/9
  5860 | D:6      | Reached skill level 5 in Shields
  5978 | D:6      | Reached skill level 5 in Armour
  5985 | D:6      | Found a blossoming altar of Fedhas.
  6369 | D:6      | Found Owimiemi's Distillery.
  6372 | D:6      | Bought 2 potions of curing for 90 gold pieces
  6372 | D:6      | Bought a potion of attraction for 45 gold pieces
  6372 | D:6      | Bought a potion of heal wounds for 75 gold pieces
  6372 | D:6      | Bought a potion of heal wounds for 75 gold pieces
  6399 | D:6      | Found a hide-covered altar of Uskayaw.
  6760 | D:7      | Reached skill level 9 in Axes
  6814 | D:7      | Found a staircase to the Ecumenical Temple.
  6826 | Temple   | Entered the Ecumenical Temple
  6921 | Temple   | Became a worshipper of Ashenzari the Shackled
  7144 | D:7      | Found the +5 scythe "Finisher" {speed, eviscerate}
  7171 | D:7      | Reached skill level 10 in Axes
  7209 | D:7      | Reached XP level 10. HP: 31/88 MP: 10/10
  7836 | D:8      | Found a glowing silver altar of Zin.
  7836 | D:8      | Noticed an angel
  7882 | D:8      | Noticed Prince Ribbit
  7889 | D:8      | Killed Prince Ribbit
  7970 | D:8      | Found a sand-covered staircase.
  7977 | D:8      | Gained mutation: You have sharp fingernails. [potion of
                  | mutation]
  7977 | D:8      | Gained mutation: You are strong-willed. (Will+) [potion of
                  | mutation]
  7977 | D:8      | Gained mutation: You are robust. (+10% HP) [potion of
                  | mutation]
  7987 | Ossuary  | Entered an ossuary
  8340 | D:8      | Noticed Pikel
  8363 | D:8      | Killed Pikel
  8364 | D:8      | Reached skill level 11 in Axes
  8436 | D:8      | Found a bloodstained altar of Trog.
  8493 | D:8      | Noticed Gastronok
  8507 | D:8      | Banished Gastronok
  8566 | D:8      | Reached XP level 11. HP: 92/107 MP: 11/11
  8570 | D:8      | Noticed Erica
  8574 | D:8      | Killed Erica
  8745 | D:9      | Reached skill level 12 in Axes
  8940 | D:9      | Reached * piety under Ashenzari
  9017 | D:9      | Found a staircase to the Lair.
  9142 | D:9      | Found a staircase to the Orcish Mines.
  9216 | D:9      | Noticed a two-headed ogre
  9220 | D:9      | Banished a two-headed ogre
  9543 | D:9      | Noticed Psyche
  9549 | D:9      | Killed Psyche
  9956 | D:10     | Entered Level 10 of the Dungeon
  9981 | D:10     | Found a flagged portal.
 10101 | Bailey   | Entered a bailey
 10119 | Bailey   | Noticed an orc warlord
 10159 | Bailey   | Found a runed translucent gate.
 10159 | Bailey   | Found a runed translucent gate.
 10159 | Bailey   | Found a runed translucent gate.
 10162 | Bailey   | Reached skill level 13 in Axes
 10305 | Bailey   | Killed an orc warlord
 10343 | Bailey   | Learned a level 4 spell: Cause Fear
 10365 | D:10     | Identified the +1 robe "Monuiric" {Int+2}
 10726 | D:10     | Reached ** piety under Ashenzari
 10823 | D:10     | Found a runed translucent gate.
 10823 | D:10     | Found a runed translucent gate.
 10823 | D:10     | Found a runed translucent gate.
 10835 | D:10     | Noticed diana's ghost (novice DsGl)
 10906 | D:10     | Identified 2 scrolls of acquirement
 10906 | D:10     | Acquired 292 gold pieces
 10908 | D:10     | Acquired a cursed +2 tower shield of protection
 10932 | D:10     | Reached XP level 12. HP: 115/120 MP: 12/12
 10943 | D:10     | Killed diana's ghost
 11505 | D:11     | Reached skill level 14 in Axes
 11754 | D:11     | Identified the Catalogue of Shifting Attacks
 12074 | D:12     | Noticed a boulder beetle
 12074 | D:12     | Noticed a two-headed ogre
 12078 | D:12     | Noticed Azrael
 12084 | D:11     | Killed a two-headed ogre
 12227 | D:12     | Noticed Snorg
 12235 | D:12     | Banished Snorg
 12453 | D:12     | Banished a boulder beetle
 12456 | D:12     | Killed Azrael
 12535 | D:12     | Reached XP level 13. HP: 123/129 MP: 13/13
 12583 | D:12     | Reached *** piety under Ashenzari
 12711 | Orc:1    | Entered Level 1 of the Orcish Mines
 12734 | Orc:1    | Reached skill level 15 in Axes
 12969 | Orc:1    | Found Oga Ovex's Antique Armour Shop.
 12989 | Orc:1    | Noticed an orc warlord
 13048 | Orc:1    | Banished an orc warlord
 13163 | Orc:1    | Bought an embroidered scarf for 208 gold pieces
 13306 | Orc:1    | Noticed an orc warlord
 13367 | Orc:1    | Killed an orc warlord
 13368 | Orc:1    | Reached skill level 10 in Fighting
 13568 | Orc:1    | Noticed Jorgrun
 13603 | Orc:1    | Paralysed by an orc sorcerer for 7 turns
 13605 | Orc:1    | HP: 5/126 [orc sorcerer/bolt of negative energy (26)]
 13608 | Orc:1    | Killed from afar by an orc priest

Illustrated notes

Levels and vault maps discovered:
D:1:      dpeg_arrival_three_smaller_balls, layout_loops_ring
D:2:      layout_basic
D:3:      layout_loops_corners
D:4:      layout_gridville, nrook_uturn, uniq_blork_the_orc
D:5:      minmay_razor_zed, layout_basic,
          chequers_temple_overflow_statue_of_worship, minitemple
D:6:      layout_loops_corners, lemuel_crystal_altar, gup_sewer_entry_glass,
          serial_shops, kennysheep_mini, fedhas_altar_fruit_tree, uniq_duvessa
D:7:      layout_basic, minmay_temple_entry_tees, minmay_guarded_unrand_finisher
D:8:      layout_gridville, zin_angel, kennysheep_little_box,
          gup_ossuary_entry_pyramid, uniq_gastronok, uniq_prince_ribbit1,
          uniq_pikel, uniq_erica
D:9:      layout_irregular_city, dpeg_oklobed_lair, david_orc_3, minmay_puff,
          uniq_psyche
D:10:     layout_roguey, gammafunk_ghost_spectres, enter_bailey_6
D:11:     layout_basic
D:12:     layout_small_grid, uniq_snorg, uniq_azrael
Temple:   dpeg_chambers_temple
Orc:1:    orc_temple, layout_caves, serial_shops, shop, minmay_orc_barracks,
          uniq_jorgrun

Skill      XL: |  1  2  3  4  5  6  7  8  9 10 11 12 13 |
---------------+----------------------------------------+-----
Shields        | 3 4 5 6 7 8 9 |  9.3
Axes           | 3 4 5 6 8 10 11 13 14 15 | 15.8
Armour         | 3 4 5 6 7 8 |  8.6
Fighting       | 4 5 6 7 8 9 10 | 10.1
Dodging        | 1 |  1.6
Evocations     | |  0.6

Action                   |  1- 3 |  4- 6 |  7- 9 | 10-12 | 13-15 || total
-------------------------+-------+-------+-------+-------+-------++-------
Melee: War axe           |   103 |   174 |   166 |   633 |   228 ||  1304
       Tailslap          |     6 |    18 |    65 |    73 |    30 ||   192
       Hand axe          |       |       |   235 |       |       ||   235
Invok: Curse Item        |       |       |     2 |     1 |       ||     3
 Abil: Rolling Charge    |    28 |    35 |    42 |   196 |    55 ||   356
Evoke: Wand              |       |       |       |       |     3 ||     3
  Use: Scroll            |     2 |     3 |     5 |    12 |       ||    22
       Potion            |       |     4 |     2 |     4 |       ||    10
Armor: Scale mail        |    68 |    43 |       |       |       ||   111
       Chain mail        |       |    50 |   151 |       |       ||   201
       Plate armour      |       |       |    59 |   238 |    30 ||   327
Dodge: Dodged            |    21 |    27 |    52 |    61 |     9 ||   170
Block: Kite shield       |    51 |    85 |   197 |   176 |       ||   509
       Tower shield      |       |       |       |   128 |   117 ||   245
       Reflection        |       |       |       |     1 |       ||     1
